 Dungeon Crawl Stone Soup version 0.23.0 (webtiles) character file.

Game seed: 14236775181010169073

291 Borgoz the Skirmisher (level 6, 0/52 HPs)
             Began as a Ghoul Monk on Feb 17, 2019.
             Splashed by Ijyb's acid (14 damage)
             ... on level 3 of the Dungeon.
             The game lasted 00:04:48 (2407 turns).

Borgoz the Skirmisher (Ghoul Monk)                  Turns: 2407, Time: 00:04:49

Health: 0/52       AC:  7    Str: 15    XL:     6   Next: 32%
Magic:  5/5        EV: 18    Int: 10    God:
Gold:   158        SH:  0    Dex: 18    Spells: 5/5 levels left

rFire    . . .     SeeInvis .   a - +1 short sword
rCold    + . .     Gourm    .   (no shield)
rNeg     + + +     Faith    .   j - +0 ring mail
rPois    ∞         Spirit   .   e - +1 hat
rElec    .         Reflect  .   (no cloak)
rCorr    .         Harm     .   (no gloves)
MR       .....     Rnd*Tele +   d - +0 pair of boots
Stlth    +++.......             (no amulet)
HPRegen  0.00/turn              i - ring of teleportation (curse)
MPRegen  0.09/turn              (no ring)

@: brilliant, agile, rotting
A: rotting body, claws 1, carnivore, cold resistance 1, negative energy
resistance 3, inhibited regeneration, torment resistance, unbreathing
a: no special abilities


You were on level 3 of the Dungeon.
You were not hungry.

You visited 1 branch of the dungeon, and saw 3 of its levels.

You collected 158 gold pieces.

Inventory:

Hand Weapons
 a - a +1 short sword (weapon)
Missiles
 m - 2 throwing nets (quivered)
Armour
 d - a +0 pair of boots (worn)
 e - a +1 hat (worn)
 j - a +0 ring mail (worn)
Jewellery
 b - an uncursed ring of stealth {unknown}
 i - a cursed ring of teleportation (left claw)
Scrolls
 f - a scroll of identify
 h - a scroll of remove curse {unknown}
 k - 2 scrolls of enchant weapon
Potions
 g - a potion of curing
 l - a potion of brilliance
Comestibles
 c - 7 rations


   Skills:
 + Level 4.0 Fighting
 * Level 4.0 Short Blades
 + Level 1.4 Throwing
 + Level 1.6 Armour
 * Level 3.8 Dodging
 + Level 3.3 Stealth


You had 5 spell levels left.
You didn't know any spells.
Your spell library was empty.

Dungeon Overview and Level Annotations

Branches:
Dungeon (3/15)

Altars:

Annotations:
D:3 Ijyb


Innate Abilities, Weirdness & Mutations

Your body is rotting away.
You thrive on raw meat.
You are immune to poison.
You have sharp fingernails.
You are carnivorous and can eat meat at any time.
Your flesh is cold resistant. (rC+)
You are immune to negative energy. (rN+++)
You do not regenerate when monsters are visible.
You are immune to unholy pain and torment.
You can survive without breathing.


Message History

Ijyb barely misses you.
You barely miss Ijyb.
Ijyb is moderately wounded.
You hit Ijyb but do no damage.
Ijyb is moderately wounded.
Ijyb hits you but does no damage.
You completely miss Ijyb.
Ijyb is moderately wounded.
Ijyb barely misses you.
Unknown command.
You aren't carrying any items that you can evoke.
Your ring mail prevents you from hitting Ijyb.
Ijyb is moderately wounded.
Ijyb closely misses you.
You hit Ijyb but do no damage.
Ijyb is moderately wounded.
Ijyb zaps a wand.
The bolt of acid hits you!
* * * LOW HITPOINT WARNING * * *
You are splashed with acid!
You die...

#### #.#.......#.....#.
.... #.#...###...###...
### #.#...#...........
#... #.#.....##.#######
+.... #.#..#(†##.# .
#...####.#.....##.# ..
#..........#...##.#
...##....###.###...##.#
..........##@# ##..##.#
.........)##g# #..##.#
..........##.# #..##.#
......†...##......>#
#.....g.....######(#
#...........#
#...........#
########....# #......


You could see Ijyb.

Vanquished Creatures
  Grinder (D:3)
  Robin (D:3)
  4 adders
  2 oozes
  3 worms
  A dart slug (D:1)
  A leopard gecko (D:1)
  An orc (D:3)
  2 giant cockroaches
  11 goblins
  8 hobgoblins
  3 bats
  6 frilled lizards
  3 kobolds (D:1)
  4 rats
51 creatures vanquished.

Notes
Turn   | Place    | Note
-------+----------+-------------------------------------------
     0 | D:1      | Borgoz the Ghoul Monk began the quest for the Orb.
     0 | D:1      | Reached XP level 1. HP: 19/19 MP: 0/0
   236 | D:1      | Reached XP level 2. HP: 25/25 MP: 1/1
  1019 | D:2      | Reached XP level 3. HP: 25/31 MP: 2/2
  1518 | D:2      | Reached XP level 4. HP: 38/38 MP: 3/3
  1883 | D:3      | Noticed Ijyb
  1889 | D:3      | Noticed Robin
  1928 | D:3      | Killed Robin
  1949 | D:3      | Reached skill level 1 in Armour
  2223 | D:3      | Noticed Grinder
  2230 | D:3      | Paralysed by Grinder for 3 turns
  2234 | D:3      | Killed Grinder
  2234 | D:3      | Reached skill level 1 in Throwing
  2234 | D:3      | Reached XP level 5. HP: 30/46 MP: 4/4
  2234 | D:3      | Reached XP level 6. HP: 34/52 MP: 5/5
  2407 | D:3      | Splashed by Ijyb's acid

Skill      XL: |  1  2  3  4 |
---------------+-------------+-----
Short Blades   | 3 4 |  4.0
Dodging        | 3 |  3.8
Armour         | 1 |  1.6
Fighting       | 4 |  4.0
Throwing       | 1 |  1.4
Stealth        | 3 |  3.3

Action                   |  1- 3 |  4- 6 || total
-------------------------+-------+-------++-------
Melee: Short sword       |   121 |   128 ||   249
  Use: Scroll            |     4 |     3 ||     7
       Potion            |       |     7 ||     7
 Stab: Sleeping          |     4 |       ||     4
  Eat: Chunk             |     7 |     3 ||    10
Armor: Robe              |    20 |       ||    20
       Ring mail         |    19 |    31 ||    50
Dodge: Dodged            |    73 |    71 ||   144
